 Dungeon Crawl Stone Soup version 0.31-a0-174-g85c54bcb58 (webtiles) character file.

Game seed: 11424420285412771263

89472 qw the Severer (level 15, -1/96 HPs)
             Began as a Gargoyle Fighter on June 15, 2023.
             Was an Elder of Okawaru.
             Killed by divine providence
             ... invoked by a meliai
              (14 damage)
             ... on level 15 of the Dungeon.
             The game lasted 00:12:10 (20741 turns).

qw the Severer (Gargoyle Fighter)                  Turns: 20741, Time: 00:12:11

Health: -1/96      AC: 41    Str: 35    XL:     15   Next: 97%
Magic:  22/22      EV: 11    Int: 11    God:    Okawaru [****..]
Gold:   425        SH: 18    Dex:  9    Spells: 14/14 levels left

rFire   + . .        u - +4 broad axe (chaos)
rCold   + . .        t - +0 kite shield
rNeg    + . .        q - +2 plate armour {rPois}
rPois   inf          x - +1 hat of the Golden God {Will+ Str+4}
rElec   +            J - scarf {rC+ rF+}
rCorr   .            s - +2 pair of gloves
SInv    .            h - +1 pair of boots
Will    ++...        H - amulet of reflection Stlth
                     I - +6 ring of strength
HPRegen 0.36/turn    F - +4 ring of protection
MPRegen 0.18/turn

%: reflection, clarity
@: about to teleport, heroic, flying
A: sickness immunity, AC +11, big wings, negative energy resistance 1,
electricity resistance, torment resistance 1, petrification resistance, clarity,
mutation resistance 1
a: Renounce Religion, Heroism, Finesse


You were on level 15 of the Dungeon.
You worshipped Okawaru.
Okawaru was greatly pleased with you.
You visited 3 branches of the dungeon, and saw 21 of its levels.

You collected 1967 gold pieces.
You spent 1542 gold pieces at shops.


Innate Abilities, Weirdness & Mutations

You are immune to sickness and miasma.
Your stone body is resilient. (AC +11)
You are immune to poison.
Your large and strong wings let you fly.
You resist negative energy. (rN+)
You are resistant to electric shocks. (rElec)
You are resistant to unholy torment.
You are immune to petrification.
You possess an exceptional clarity of mind.
You are somewhat resistant to further mutation.


   Skills:
 - Level 12.0(17.0) Fighting
 - Level 16.8(21.8) Axes
 + Level 5.4(10.4) Throwing
 - Level 11.0(16.0) Armour
 - Level 3.3(8.3) Dodging
 - Level 13.0(18.0) Shields
 - Level 10.0 Invocations


You had 14 spell levels left.
You didn't know any spells.
Your spell library was empty.

Inventory:

Hand Weapons
 f - a +1 broad axe
 i - a +1 eveningstar of venom
 u - a +4 broad axe of chaos (weapon)
Missiles
 o - a boomerang
 w - a silver javelin (quivered)
 E - 6 javelins
Armour
 h - a +1 pair of boots (worn)
 k - +0 acid dragon scales
 m - a +2 chain mail of fire resistance
 q - a +2 plate armour of poison resistance (worn)
 s - a +2 pair of gloves (worn)
 t - a +0 kite shield (worn)
 x - the +1 hat of the Golden God (worn) {Will+ Str+4}
   (Okawaru gifted it to you on level 5 of the Lair of Beasts)

   Str:       It affects your strength (+4).
   Will:      It increases your willpower.
 y - +0 ice dragon scales
 z - a +6 plate armour of ponderousness
 D - a +2 helmet
 J - a scarf of resistance (worn)
 K - a +2 cloak of poison resistance
Jewellery
 b - a ring of protection from fire
 A - a ring of protection from cold
 C - a ring of protection from cold
 F - a +4 ring of protection (right hand)
 H - an amulet of reflection (around neck)
 I - a +6 ring of strength (left hand)
Wands
 g - a wand of digging (14)
Scrolls
 j - 7 scrolls of identify
 G - a scroll of teleportation
Potions
 a - 4 potions of heal wounds
 c - a potion of magic
 d - 2 potions of might
 e - 2 potions of haste
 l - 7 potions of attraction
 n - 2 potions of cancellation
 p - a potion of lignification
 r - 4 potions of mutation
 v - 3 potions of curing
 B - a potion of resistance

Dungeon Overview and Level Annotations

Branches:
Dungeon (15/15)            Temple (1/1) D:6            Lair (5/5) D:10
  Swamp (0/4) Lair:3       Spider (0/4) Lair:2        Slime (0/5) Lair:5
    Orc (0/2) D:12         Vaults (0/5) D:14
 Depths: D:15

Altars:
Ashenzari
Cheibriados
Dithmenos
Elyvilon
Fedhas
Gozag
Hepliaklqana
Kikubaaqudgha
Makhleb
Nemelex Xobeh
Okawaru
Qazlal
Ru
Sif Muna
Trog
Uskayaw
Vehumet
Wu Jian
Xom
Yredelemnul
Zin
The Shining One

Shops:
D:1 *   D:8 [   D:11 ?   D:13 [

Portals:
Hell: Lair:5

Annotations:
D:4 1 runed translucent door, Crazy Yiuf
D:9 2 runed translucent doors
D:12 1 runed translucent door
D:14 5 transporters


Message History

A meliai comes into view. It is wielding a +0 hand axe.
The meliai hits you but does no damage. The meliai barely misses you.
The meliai hits you but does no damage. You block the meliai's attack.
You closely miss the meliai.
The meliai is lightly wounded.
The meliai buzzes angrily.
The meliai calls down the wrath of its god upon you.
Something smites you!
You slice the meliai!!
The meliai is almost dead.
The meliai invokes the aid of its god against you.
Something smites you!
The meliai mumbles some strange prayers to its god against you.
Something smites you!
You miss the meliai.
The meliai is almost dead.
You slice the meliai!!
You kill the meliai!
Okawaru accepts your kill.
You hit the meliai. You freeze the meliai.
The meliai is lightly wounded.
You block the meliai's attack.
The meliai stings you but does no damage.
The meliai hits you but does no damage. You block the meliai's attack.
You closely miss the meliai.
The meliai is lightly wounded.
You block the meliai's attack.
The meliai stings you but does no damage.
You slash the meliai!
The meliai is almost dead.
The meliai mumbles some strange prayers to its god against you.
Something smites you! You block the meliai's attack. x2
20741 ||| READING 2 scrolls of teleportation.
As you read the scroll of teleportation, it crumbles to dust.
You feel strangely unstable.
The meliai mumbles some strange prayers to its god against you.
Something smites you!
The meliai calls down the wrath of its god upon you.
Something smites you!
You die...

. .. ... ....
#########.......######.
#.....@y...............
#.....)########........
#......# #........
#......# #........
#../...# #........
#...%..########........
#......................
#########.#####........
#.# #..%.....


You could see a meliai.

Vanquished Creatures
  Jorgrun (D:15)
  Kirke (D:15)
  Nessos (D:14)
  Josephine (Lair:5)
  A hell beast (Lair:5)
  A catoblepas (Lair:3)
  2 centaur warriors
  3 boulder beetles
  2 hydras
  4 two-headed ogres
  2 death knights
  17 death yaks
  2 tengu warriors
  A sun demon (D:10)
  Urug (D:14)
  Lodul (D:14)
  4 skysharks
  A sixfirhy (D:10)
  A wizard (Lair:5)
  Pikel (D:4)
  3 deep elf pyromancers
  An orc knight (D:12)
  15 ugly things
  A shining eye (D:12)
  An oklob plant (Lair:3)
  3 manticores
  3 cyclopes
  3 black mambas
  13 elephants (Lair:5)
  Maurice (D:9)
  A torpor snail (Lair:5)
  18 cane toads
  3 orange demons
  3 kobold demonologists (D:10)
  5 unseen horror zombies (D:9)
  A rime drake (shapeshifter) (D:14)
  A yaktaur (D:15)
  4 rime drakes (Lair:5)
  2 unseen horrors
  2 efreet
  10 komodo dragons
  4 ice devils
  2 meliai (D:15)
  2 polar bears
  A troll (shapeshifter) (D:15)
  6 trolls
  Grinder (D:5)
  A hornet (D:11)
  A hellwing (Lair:5)
  9 blink frogs
  23 slime creatures
  A jumping spider (shapeshifter) (D:12)
  3 shadows
  Sigmund (D:3)
  A centaur simulacrum (D:12)
  10 wraiths
  A spriggan (shapeshifter) (D:15)
  A water elemental (D:12)
  3 hogs (D:15)
  5 wyverns
  31 yaks
  A neqoxec (D:10)
  19 humans
  2 basilisks
  3 steam dragons
  5 vampire mosquitoes
  Menkaure (D:4)
  An acid dragon (D:11)
  5 hell hounds (Lair:5)
  17 water moccasins
  5 orc warriors
  2 sky beasts
  2 black bears
  14 wolves
  4 boggarts (Lair:3)
  7 centaurs
  A phantom (D:12)
  2 kobold brigands (D:10)
  Blork the orc (D:4)
  3 gnoll sergeants
  2 wyvern zombies (D:9)
  2 scorpions
  11 bullfrogs
  7 wights (D:9)
  A troll zombie (D:12)
  4 howler monkeys
  3 quasits (D:10)
  3 centaur zombies (D:9)
  11 jellies
  9 orc priests
  9 hounds
  2 iguanas (D:6)
  Ijyb (D:4)
  5 hell rats (Lair:1)
  A sleepcap (D:6)
  Natasha (thrice) (D:3)
  15 orc wizards
  5 ogre zombies (D:12)
  A howler monkey zombie (D:9)
  Robin (D:3)
  14 gnolls
  5 adders
  A shadow imp (D:7)
  A white imp (D:7)
  4 ufetubi
  3 worms
  A dart slug (D:1)
  27 orcs
  6 bats
  22 endoplasms
  6 giant cockroaches
  14 goblins
  6 hobgoblins
  2 jackals (D:4)
  3 quokkas
  10 ball pythons
  5 frilled lizards
  2 goblin zombies (D:12)
  3 hobgoblin zombies (D:12)
  13 kobolds
  2 orc skeletons (D:12)
  12 orc zombies (D:12)
  5 rats
607 creatures vanquished.

Vanquished Creatures (others)
  A wizard (D:14)
  A boggart (D:12)
  3 spectral weapons
5 creatures vanquished.

Grand Total: 612 creatures vanquished

Notes
Turn   | Place    | Note
-------+----------+-------------------------------------------
     0 | D:1      | qw the Gargoyle Fighter began the quest for the Orb.
     0 | D:1      | Reached XP level 1. HP: 14/14 MP: 1/1
     0 | D:1      | 0 ||| qw: Version: 0.2-a-29-g511e9b1
     0 | D:1      | 0 ||| qw: Game counter: 5176
     0 | D:1      | 0 ||| qw: Always use a shield: true
     0 | D:1      | 0 ||| qw: God list: Okawaru
     0 | D:1      | 0 ||| qw: Allow faded altars: false
     0 | D:1      | 0 ||| qw: Do Orc after D:15 true
     0 | D:1      | 0 ||| qw: Do second Lair branch before Depths: true
     0 | D:1      | 0 ||| qw: Lair rune preference: random
     0 | D:1      | 0 ||| qw: Plans: Normal, Zot:1-4, Slime:5, God:TSO, Crypt,
                  | Tomb, Abyss, Pan, Hells, Win
     0 | D:1      | 0 ||| PLANNING D:1-11
    14 | D:1      | 14 ||| Stepping ~*~*~tactically~*~*~ (hiding).
    23 | D:1      | Reached skill level 2 in Axes
    51 | D:1      | 51 ||| Stepping ~*~*~tactically~*~*~ (stealth).
    65 | D:1      | 65 ||| Stepping ~*~*~tactically~*~*~ (stealth).
    66 | D:1      | 66 ||| Stepping ~*~*~tactically~*~*~ (stealth).
    79 | D:1      | Reached XP level 2. HP: 18/19 MP: 2/2
   242 | D:1      | Reached skill level 3 in Axes
   279 | D:1      | Reached XP level 3. HP: 20/23 MP: 3/3
   319 | D:1      | Found Hyofeycies's General Store.
   324 | D:1      | 324 ||| SHOPLISTING +0 plate armour "Faurarr" {rC+ Str+4}
                  | (590 gold, have 45).
   324 | D:1      | 324 ||| BUYING potion of attraction (39 gold).
   324 | D:1      | Bought a potion of attraction for 39 gold pieces
   324 | D:1      | 324 ||| SHOPLISTING scroll of identify (26 gold, have 6).
   339 | D:1      | 339 ||| DROPPING +0 club.
   474 | D:1      | Found a faded altar of an unknown god.
   767 | D:1      | 767 ||| READING scroll labelled LUYN POPLUUSUX.
   768 | D:1      | 768 ||| READING scroll labelled XUCZYSYM LEKYUNAC.
   769 | D:1      | 769 ||| READING scroll labelled RAMAOT RIDIFAAPH.
   770 | D:1      | 770 ||| READING scroll labelled ESSIORPHEDO.
   771 | D:1      | 771 ||| DRINKING 2 inky potions.
   781 | D:1      | 781 ||| DROPPING potion of ambrosia.
  1540 | D:2      | 1540 ||| UPGRADING to +6 ring of dexterity.
  1541 | D:2      | 1541 ||| READING 3 scrolls labelled KASTRU GUGOO.
  1542 | D:2      | 1542 ||| READING 2 scrolls of brand weapon.
  1542 | D:2      | 1542 ||| BRANDING +0 heavy war axe.
  1543 | D:2      | 1543 ||| READING scroll of brand weapon.
  1543 | D:2      | 1543 ||| BRANDING +0 war axe of venom.
  1544 | D:2      | 1544 ||| READING scroll labelled XOFUEJ YLEUD.
  1545 | D:2      | 1545 ||| READING scroll labelled XUJIDO MEATUZ.
  1546 | D:2      | 1546 ||| READING scroll labelled ATAAG TAGARHAR.
  1576 | D:3      | Noticed Sigmund
  1592 | D:3      | Killed Sigmund
  1593 | D:3      | Reached skill level 3 in Dodging
  1593 | D:3      | Reached XP level 4. HP: 17/28 MP: 4/4
  1593 | D:3      | Reached XP level 5. HP: 19/32 MP: 5/5
  1594 | D:3      | 1594 ||| FLEEEEING.
  1595 | D:3      | 1595 ||| FLEEEEING.
  1596 | D:3      | 1596 ||| FLEEEEING.
  1597 | D:3      | 1597 ||| FLEEEEING.
  1598 | D:3      | 1598 ||| FLEEEEING.
  1599 | D:3      | 1599 ||| FLEEEEING.
  1600 | D:3      | 1600 ||| FLEEEEING.
  1601 | D:3      | 1601 ||| FLEEEEING.
  1602 | D:3      | 1602 ||| FLEEEEING.
  1603 | D:3      | 1603 ||| FLEEEEING.
  1604 | D:3      | 1604 ||| STAIRDANCE
  1675 | D:3      | 1675 ||| Stepping ~*~*~tactically~*~*~ (stealth).
  1702 | D:3      | 1702 ||| Stepping ~*~*~tactically~*~*~ (stealth).
  1719 | D:3      | 1719 ||| Stepping ~*~*~tactically~*~*~ (stealth).
  1721 | D:3      | 1721 ||| Stepping ~*~*~tactically~*~*~ (stealth).
  1735 | D:3      | 1735 ||| Stepping ~*~*~tactically~*~*~ (stealth).
  1737 | D:3      | 1737 ||| Stepping ~*~*~tactically~*~*~ (stealth).
  1744 | D:3      | Reached XP level 6. HP: 37/37 MP: 6/6
  1764 | D:3      | 1764 ||| Stepping ~*~*~tactically~*~*~ (stealth).
  1846 | D:3      | Reached skill level 4 in Axes
  1881 | D:3      | Noticed Natasha
  1894 | D:3      | Killed Natasha
  1937 | D:3      | Noticed Natasha
  1946 | D:3      | Killed Natasha
  2047 | D:3      | Noticed Natasha
  2048 | D:3      | 2048 ||| Stepping ~*~*~tactically~*~*~ (stealth).
  2049 | D:3      | 2049 ||| Stepping ~*~*~tactically~*~*~ (stealth).
  2051 | D:3      | 2051 ||| Stepping ~*~*~tactically~*~*~ (hiding).
  2055 | D:3      | Killed Natasha
  2404 | D:3      | 2404 ||| Stepping ~*~*~tactically~*~*~ (stealth).
  2409 | D:3      | Noticed Robin
  2417 | D:3      | Killed Robin
  2564 | D:3      | 2564 ||| UPGRADING to +0 pair of boots.
  2569 | D:3      | 2569 ||| UPGRADING to +0 helmet.
  2574 | D:3      | 2574 ||| DRINKING 2 fizzy inky potions.
  2603 | D:4      | 2603 ||| Stepping ~*~*~tactically~*~*~ (stealth).
  2672 | D:4      | 2672 ||| READING scroll of enchant armour.
  2672 | D:4      | 2672 ||| ENCHANTING +0 helmet.
  2690 | D:4      | Noticed Menkaure
  2691 | D:4      | 2691 ||| Stepping ~*~*~tactically~*~*~ (hiding).
  2702 | D:4      | Killed Menkaure
  2703 | D:4      | Reached skill level 5 in Axes
  2703 | D:4      | Reached XP level 7. HP: 27/41 MP: 7/7
  2778 | D:4      | 2778 ||| READING scroll of brand weapon.
  2778 | D:4      | 2778 ||| BRANDING +0 war axe of protection.
  2840 | D:4      | Noticed Blork the orc
  2846 | D:4      | Killed Blork the orc
  2975 | D:4      | 2975 ||| DROPPING +0 whip.
  3028 | D:4      | Noticed Pikel
  3042 | D:4      | HP: 10/43 [Pikel/+0 whip of freezing (2)]
  3043 | D:4      | HP: 3/43 [Pikel/+0 whip of freezing (2)]
  3046 | D:4      | Killed Pikel
  3047 | D:4      | Reached skill level 7 in Axes
  3047 | D:4      | Reached XP level 8. HP: 5/48 MP: 8/8
  3057 | D:4      | 3057 ||| Stepping ~*~*~tactically~*~*~ (stealth).
  3233 | D:4      | Found a broken altar of Ashenzari.
  3259 | D:4      | Noticed Ijyb
  3268 | D:4      | 3268 ||| DRINKING potion of curing.
  3268 | D:4      | 3268 ||| (to cure confusion)
  3274 | D:4      | Killed Ijyb
  3289 | D:4      | 3289 ||| READING scroll of enchant armour.
  3289 | D:4      | 3289 ||| ENCHANTING +1 helmet.
  3517 | D:4      | 3517 ||| UPGRADING to +0 pair of gloves.
  3576 | D:4      | Found a runed translucent door.
  3577 | D:4      | Noticed Crazy Yiuf
  3666 | D:4      | 3666 ||| READING 2 scrolls of identify.
  3666 | D:4      | 3666 ||| IDENTIFYING sedimented puce potion
  3689 | D:5      | Entered Level 5 of the Dungeon
  3691 | D:5      | 3691 ||| FLEEEEING.
  3692 | D:5      | 3692 ||| STAIRDANCE
  3871 | D:5      | Reached skill level 8 in Axes
  4012 | D:5      | Noticed Grinder
  4014 | D:5      | Paralysed by Grinder for 3 turns
  4019 | D:5      | 4019 ||| Stepping ~*~*~tactically~*~*~ (hiding).
  4020 | D:5      | 4020 ||| Stepping ~*~*~tactically~*~*~ (hiding).
  4021 | D:5      | 4021 ||| Stepping ~*~*~tactically~*~*~ (hiding).
  4022 | D:5      | 4022 ||| Stepping ~*~*~tactically~*~*~ (hiding).
  4027 | D:5      | Killed Grinder
  4028 | D:5      | Reached skill level 6 in Fighting
  4028 | D:5      | Reached XP level 9. HP: 56/56 MP: 9/9
  4203 | D:5      | 4203 ||| Stepping ~*~*~tactically~*~*~ (hiding).
  4213 | D:5      | 4213 ||| Stepping ~*~*~tactically~*~*~ (hiding).
  4215 | D:5      | Found a snail-covered altar of Cheibriados.
  4217 | D:5      | 4217 ||| FLEEEEING.
  4218 | D:5      | 4218 ||| Stepping ~*~*~tactically~*~*~ (hiding).
  4219 | D:5      | 4219 ||| FLEEEEING.
  4220 | D:5      | 4220 ||| FLEEEEING.
  4221 | D:5      | 4221 ||| Stepping ~*~*~tactically~*~*~ (hiding).
  4266 | D:5      | 4266 ||| DROPPING +0 hammer.
  4349 | D:5      | Found a white marble altar of Elyvilon.
  4478 | D:5      | Found an ornate altar of the Wu Jian Council.
  4598 | D:5      | Found a blossoming altar of Fedhas.
  4649 | D:6      | 4649 ||| STAIRDANCE
  4761 | D:6      | Reached skill level 9 in Axes
  4966 | D:6      | Reached skill level 1 in Throwing
  4988 | D:6      | Found a staircase to the Ecumenical Temple.
  4989 | D:6      | 4989 ||| PLANNING TEMPLE
  4989 | D:6      | 4989 ||| UPGRADING to +2 pair of gloves.
  4999 | D:6      | 4999 ||| DROPPING +0 pair of gloves.
  5000 | D:6      | 5000 ||| UPGRADING to +0 chain mail.
  5010 | D:6      | 5010 ||| DROPPING +0 scale mail.
  5011 | D:6      | 5011 ||| READING scroll labelled PIOHEL VONOGRY.
  5012 | D:6      | 5012 ||| READING scroll labelled ACUAXO IMUCUFULU.
  5054 | D:6      | 5054 ||| READING scroll labelled IKLUAH RUERPHER.
  5055 | D:6      | 5055 ||| READING scroll labelled GIKHLI NEZ DINO.
  5097 | Temple   | Entered the Ecumenical Temple
  5131 | Temple   | 5131 ||| PLANNING D:1-11
  5131 | Temple   | 5131 ||| DRINKING 2 fizzy silvery potions.
  5131 | Temple   | Gained mutation: You have hidden genetic potential. [potion
                  | of mutation]
  5131 | Temple   | Gained mutation: You are frail. (-10% HP) [potion of
                  | mutation]
  5131 | Temple   | Gained mutation: Your large and strong wings let you fly.
                  | [potion of mutation]
  5132 | Temple   | 5132 ||| DRINKING potion of mutation.
  5132 | Temple   | Lost mutation: You have hidden genetic potential. [potion
                  | of mutation]
  5132 | Temple   | Lost mutation: You are frail. (-10% HP) [potion of
                  | mutation]
  5132 | Temple   | Lost mutation: Your large and strong wings let you fly.
                  | [potion of mutation]
  5132 | Temple   | Gained mutation: You possess an exceptional clarity of
                  | mind. [potion of mutation]
  5132 | Temple   | Gained mutation: You are somewhat resistant to further
                  | mutation. [potion of mutation]
  5170 | D:6      | 5170 ||| Stepping ~*~*~tactically~*~*~ (hiding).
  5305 | D:6      | 5305 ||| UPGRADING to ring of protection from fire.
  5369 | D:7      | 5369 ||| DROPPING +0 flail of protection.
  5570 | D:7      | Noticed a troll
  5578 | D:7      | Killed a troll
  5579 | D:7      | Reached skill level 3 in Throwing
  5580 | D:7      | 5580 ||| FLEEEEING.
  5581 | D:7      | 5581 ||| FLEEEEING.
  5584 | D:7      | 5584 ||| STAIRDANCE
  5894 | D:7      | Found an iron altar of Okawaru.
  5895 | D:7      | 5895 ||| PLANNING OKAWARU WORSHIP
  5895 | D:7      | 5895 ||| DROPPING scarf of invisibility.
  5896 | D:7      | 5896 ||| UPGRADING to +4 ring of slaying {mikee}.
  5904 | D:7      | Became a worshipper of Warmaster Okawaru
  5905 | D:7      | 5905 ||| PLANNING D:1-11
  6095 | D:7      | Found a sacrificial altar of Ru.
  6095 | D:7      | Found an ancient bone altar of Kikubaaqudgha.
  6097 | D:7      | Found a hazy altar of Hepliaklqana.
  6367 | D:8      | 6367 ||| Stepping ~*~*~tactically~*~*~ (hiding).
  6541 | D:8      | Found Waginaum's Antique Armour Shop.
  6547 | D:8      | 6547 ||| BUYING pair of glowing boots (195 gold).
  6547 | D:8      | Bought a pair of glowing boots for 195 gold pieces
  6620 | D:8      | Reached XP level 10. HP: 56/63 MP: 10/10
  6620 | D:8      | 6620 ||| FLEEEEING.
  6621 | D:8      | 6621 ||| FLEEEEING.
  6840 | D:8      | Reached * piety under Okawaru
  6841 | D:8      | Reached skill level 10 in Axes
  6843 | D:8      | Identified the +0 ring mail "Peguis" {Int+6}
  6856 | D:8      | Reached skill level 1 in Invocations
  6973 | D:8      | 6973 ||| READING scroll of enchant armour.
  6973 | D:8      | 6973 ||| ENCHANTING +0 pair of boots.
  7040 | D:8      | 7040 ||| UPGRADING to +0 plate armour.
  7050 | D:8      | 7050 ||| DROPPING +0 chain mail.
  7051 | D:8      | 7051 ||| DROPPING +0 pair of boots of stealth.
  7052 | D:8      | 7052 ||| READING 2 scrolls of identify.
  7052 | D:8      | 7052 ||| IDENTIFYING orange potion
  7053 | D:8      | 7053 ||| DROPPING potion of enlightenment.
  7075 | D:9      | Noticed Maurice
  7085 | D:9      | Killed Maurice
  7093 | D:9      | Reached skill level 6 in Armour
  7093 | D:9      | Reached skill level 3 in Invocations
  7096 | D:9      | 7096 ||| FLEEEEING.
  7097 | D:9      | 7097 ||| FLEEEEING.
  7103 | D:9      | 7103 ||| STAIRDANCE
  7152 | D:9      | 7152 ||| INVOKING Heroism.
  7176 | D:9      | 7176 ||| FLEEEEING.
  7183 | D:9      | 7183 ||| STAIRDANCE
  7227 | D:9      | Reached ** piety under Okawaru
  7282 | D:9      | 7282 ||| Stepping ~*~*~tactically~*~*~ (stealth).
  7285 | D:9      | Noticed a cyclops
  7286 | D:9      | 7286 ||| INVOKING Heroism.
  7299 | D:9      | Killed a cyclops
  7314 | D:9      | 7314 ||| Stepping ~*~*~tactically~*~*~ (stealth).
  7322 | D:9      | 7322 ||| Stepping ~*~*~tactically~*~*~ (stealth).
  7323 | D:9      | 7323 ||| Stepping ~*~*~tactically~*~*~ (stealth).
  7437 | D:9      | Found a runed translucent door.
  7439 | D:9      | Found a runed translucent door.
  7519 | D:9      | 7519 ||| Stepping ~*~*~tactically~*~*~ (stealth).
  7526 | D:9      | 7526 ||| INVOKING Heroism.
  7533 | D:9      | Reached XP level 11. HP: 35/69 MP: 11/14
  7757 | D:9      | 7757 ||| Stepping ~*~*~tactically~*~*~ (stealth).
  7760 | D:9      | 7760 ||| Stepping ~*~*~tactically~*~*~ (stealth).
  7763 | D:9      | 7763 ||| Stepping ~*~*~tactically~*~*~ (hiding).
  7918 | D:9      | Reached *** piety under Okawaru
  7979 | D:9      | Reached skill level 11 in Axes
  8071 | D:9      | 8071 ||| UPGRADING to +0 cloak.
  8076 | D:9      | 8076 ||| UPGRADING to +0 kite shield.
  8086 | D:9      | 8086 ||| DROPPING +0 buckler.
  8087 | D:9      | 8087 ||| DRINKING 2 fizzy blue potions.
  8088 | D:9      | 8088 ||| READING 2 scrolls of identify.
  8088 | D:9      | 8088 ||| IDENTIFYING gluggy blue potion
  8089 | D:9      | 8089 ||| DROPPING potion of berserk rage.
  8115 | D:10     | Entered Level 10 of the Dungeon
  8116 | D:10     | Noticed a death yak
  8116 | D:10     | Noticed a death yak
  8116 | D:10     | Noticed a death yak
  8117 | D:10     | 8117 ||| Stepping ~*~*~tactically~*~*~ (stealth).
  8118 | D:10     | 8118 ||| INVOKING Heroism.
  8123 | D:10     | Killed a death yak
  8123 | D:10     | Noticed a death yak
  8125 | D:10     | Noticed a death yak
  8127 | D:10     | Killed a death yak
  8128 | D:10     | Reached skill level 6 in Shields
  8133 | D:10     | Noticed a death yak
  8134 | D:10     | Killed a death yak
  8134 | D:10     | Reached **** piety under Okawaru
  8139 | D:10     | Killed a death yak
  8149 | D:10     | Killed a death yak
  8152 | D:10     | 8152 ||| INVOKING Heroism.
  8153 | D:10     | Killed a death yak
  8311 | D:10     | Found a staircase to the Lair.
  8329 | D:10     | 8329 ||| Stepping ~*~*~tactically~*~*~ (hiding).
  8332 | D:10     | 8332 ||| Stepping ~*~*~tactically~*~*~ (hiding).
  8342 | D:10     | 8342 ||| INVOKING Heroism.
  8350 | D:10     | Reached skill level 6 in Invocations
  8492 | D:10     | Reached ***** piety under Okawaru
  8539 | D:10     | 8539 ||| INVOKING Heroism.
  8546 | D:10     | Noticed a sixfirhy
  8550 | D:10     | Received a gift from Okawaru
  8553 | D:10     | Killed a sixfirhy
  8553 | D:10     | Noticed a sun demon
  8554 | D:10     | Reached skill level 9 in Shields
  8564 | D:10     | Killed a sun demon
  8565 | D:10     | Reached XP level 12. HP: 35/75 MP: 17/17
  8566 | D:10     | 8566 ||| FLEEEEING.
  8567 | D:10     | 8567 ||| FLEEEEING.
  8568 | D:10     | 8568 ||| FLEEEEING.
  8569 | D:10     | 8569 ||| FLEEEEING.
  8570 | D:10     | 8570 ||| FLEEEEING.
  8571 | D:10     | 8571 ||| FLEEEEING.
  8572 | D:10     | 8572 ||| FLEEEEING.
  8573 | D:10     | 8573 ||| FLEEEEING.
  8574 | D:10     | 8574 ||| INVOKING Heroism.
  8588 | D:10     | HP: 18/75 [jelly (1)]
  8589 | D:10     | 8589 ||| READING scroll of teleportation.
  8590 | D:10     | 8590 ||| DRINKING 4 potions of heal wounds.
  8684 | D:10     | 8684 ||| INVOKING Heroism.
  8735 | D:10     | 8735 ||| Stepping ~*~*~tactically~*~*~ (stealth).
  8836 | D:10     | 8836 ||| Stepping ~*~*~tactically~*~*~ (stealth).
  8839 | D:10     | 8839 ||| Stepping ~*~*~tactically~*~*~ (stealth).
  9044 | D:10     | 9044 ||| Stepping ~*~*~tactically~*~*~ (stealth).
  9045 | D:10     | 9045 ||| Stepping ~*~*~tactically~*~*~ (stealth).
  9046 | D:10     | 9046 ||| Stepping ~*~*~tactically~*~*~ (stealth).
  9047 | D:10     | 9047 ||| Stepping ~*~*~tactically~*~*~ (stealth).
  9050 | D:10     | 9050 ||| Stepping ~*~*~tactically~*~*~ (stealth).
  9225 | D:10     | 9225 ||| Stepping ~*~*~tactically~*~*~ (stealth).
  9226 | D:10     | 9226 ||| Stepping ~*~*~tactically~*~*~ (stealth).
  9285 | D:10     | 9285 ||| Stepping ~*~*~tactically~*~*~ (stealth).
  9287 | D:10     | 9287 ||| Stepping ~*~*~tactically~*~*~ (stealth).
  9326 | D:10     | 9326 ||| PLANNING LAIR
  9326 | D:10     | 9326 ||| READING scroll labelled HAOTEXK BIZOT.
  9326 | D:10     | Identified a scroll of acquirement
  9326 | D:10     | 9326 ||| ACQUIRING +2 broad axe of freezing
  9326 | D:10     | Acquired a +2 broad axe of freezing
  9328 | D:10     | 9328 ||| UPGRADING to +2 broad axe of freezing.
  9329 | D:10     | 9329 ||| DROPPING +0 spectral war axe.
  9330 | D:10     | 9330 ||| READING scroll of brand weapon.
  9330 | D:10     | 9330 ||| BRANDING +2 broad axe of freezing.
  9410 | Lair:1   | Entered Level 1 of the Lair of Beasts
  9416 | Lair:1   | 9416 ||| INVOKING Heroism.
  9516 | Lair:1   | 9516 ||| Stepping ~*~*~tactically~*~*~ (stealth).
  9521 | Lair:1   | 9521 ||| Stepping ~*~*~tactically~*~*~ (stealth).
  9537 | Lair:1   | 9537 ||| INVOKING Heroism.
  9665 | Lair:1   | 9665 ||| DROPPING +1 flail of venom.
  9744 | Lair:1   | 9744 ||| INVOKING Heroism.
  9750 | Lair:1   | Reached skill level 9 in Invocations
  9785 | Lair:1   | 9785 ||| Stepping ~*~*~tactically~*~*~ (stealth).
  9871 | Lair:1   | Reached skill level 9 in Fighting
 10008 | Lair:1   | 10008 ||| Stepping ~*~*~tactically~*~*~ (stealth).
 10065 | Lair:1   | 10065 ||| INVOKING Heroism.
 10193 | Lair:1   | 10193 ||| Stepping ~*~*~tactically~*~*~ (stealth).
 10303 | Lair:1   | 10303 ||| Stepping ~*~*~tactically~*~*~ (stealth).
 10304 | Lair:1   | 10304 ||| Stepping ~*~*~tactically~*~*~ (stealth).
 10374 | Lair:1   | 10374 ||| INVOKING Heroism.
 10520 | Lair:1   | 10520 ||| UPGRADING to amulet of the acrobat.
 10591 | Lair:2   | 10591 ||| INVOKING Heroism.
 10678 | Lair:2   | Identified the +4 buckler of the Sun {rPois}
 10720 | Lair:2   | Reached skill level 9 in Armour
 11036 | Lair:2   | 11036 ||| INVOKING Heroism.
 11154 | Lair:2   | Found a hole to the Spider Nest.
 11325 | Lair:2   | 11325 ||| DROPPING +6 ring of dexterity.
 11326 | Lair:2   | 11326 ||| DROPPING ring of willpower.
 11327 | Lair:2   | 11327 ||| UPGRADING to +4 ring of protection.
 11329 | Lair:2   | 11329 ||| DRINKING 2 glowing emerald potions.
 11377 | Lair:3   | 11377 ||| INVOKING Heroism.
 11414 | Lair:3   | 11414 ||| Stepping ~*~*~tactically~*~*~ (stealth).
 11416 | Lair:3   | 11416 ||| INVOKING Heroism.
 11442 | Lair:3   | Noticed a boulder beetle
 11445 | Lair:3   | 11445 ||| INVOKING Finesse.
 11463 | Lair:3   | Killed a boulder beetle
 11464 | Lair:3   | Reached XP level 13. HP: 80/80 MP: 15/20
 11506 | Lair:3   | 11506 ||| INVOKING Heroism.
 11563 | Lair:3   | 11563 ||| Stepping ~*~*~tactically~*~*~ (hiding).
 11565 | Lair:3   | 11565 ||| Stepping ~*~*~tactically~*~*~ (hiding).
 11566 | Lair:3   | 11566 ||| INVOKING Heroism.
 11567 | Lair:3   | 11567 ||| INVOKING Finesse.
 11581 | Lair:3   | Reached skill level 12 in Axes
 11773 | Lair:3   | 11773 ||| INVOKING Heroism.
 11774 | Lair:3   | 11774 ||| INVOKING Finesse.
 11776 | Lair:3   | Found a staircase to the Swamp.
 11883 | Lair:3   | 11883 ||| INVOKING Heroism.
 11934 | Lair:3   | 11934 ||| INVOKING Heroism.
 12396 | Lair:3   | 12396 ||| READING scroll labelled OROUWN RENESS.
 12480 | Lair:4   | 12480 ||| INVOKING Heroism.
 12548 | Lair:4   | 12548 ||| Stepping ~*~*~tactically~*~*~ (stealth).
 12558 | Lair:4   | 12558 ||| INVOKING Heroism.
 12976 | Lair:4   | You fall into a shaft and drop 1 floor!
 12976 | Lair:5   | Entered Level 5 of the Lair of Beasts
 12986 | Lair:5   | 12986 ||| Stepping ~*~*~tactically~*~*~ (stealth).
 12988 | Lair:5   | 12988 ||| Stepping ~*~*~tactically~*~*~ (stealth).
 13031 | Lair:5   | 13031 ||| Stepping ~*~*~tactically~*~*~ (stealth).
 13065 | Lair:5   | 13065 ||| Stepping ~*~*~tactically~*~*~ (stealth).
 13122 | Lair:5   | 13122 ||| Stepping ~*~*~tactically~*~*~ (stealth).
 13127 | Lair:5   | 13127 ||| Stepping ~*~*~tactically~*~*~ (stealth).
 13128 | Lair:5   | 13128 ||| Stepping ~*~*~tactically~*~*~ (stealth).
 13131 | Lair:5   | 13131 ||| Stepping ~*~*~tactically~*~*~ (stealth).
 13138 | Lair:5   | Received a gift from Okawaru
 13145 | Lair:5   | 13145 ||| INVOKING Heroism.
 13170 | Lair:5   | 13170 ||| Stepping ~*~*~tactically~*~*~ (stealth).
 13171 | Lair:5   | 13171 ||| Stepping ~*~*~tactically~*~*~ (stealth).
 13172 | Lair:5   | 13172 ||| Stepping ~*~*~tactically~*~*~ (stealth).
 13290 | Lair:5   | 13290 ||| Stepping ~*~*~tactically~*~*~ (stealth).
 13291 | Lair:5   | 13291 ||| INVOKING Heroism.
 13292 | Lair:5   | 13292 ||| INVOKING Finesse.
 13303 | Lair:5   | 13303 ||| Stepping ~*~*~tactically~*~*~ (stealth).
 13312 | Lair:5   | Reached skill level 13 in Axes
 13330 | Lair:5   | Noticed Josephine
 13341 | Lair:5   | Gained mutation: Your large and strong wings let you fly.
                  | [Gargoyle growth]
 13341 | Lair:5   | Reached XP level 14. HP: 79/88 MP: 16/21
 13341 | Lair:5   | 13341 ||| SWAPPING to +0 morningstar.
 13355 | Lair:5   | 13355 ||| INVOKING Heroism.
 13359 | Lair:5   | Reached skill level 14 in Axes
 13367 | Lair:5   | HP: 19/88 [death yak (4)]
 13368 | Lair:5   | 13368 ||| READING 3 scrolls of teleportation.
 13369 | Lair:5   | 13369 ||| DRINKING 4 potions of heal wounds.
 13372 | Lair:5   | HP: 21/88 [elephant (2)]
 13373 | Lair:5   | 13373 ||| DRINKING 3 potions of heal wounds.
 13528 | Lair:5   | 13528 ||| UPGRADING to +0 war axe.
 13529 | Lair:5   | 13529 ||| UPGRADING to +2 broad axe of chaos.
 13530 | Lair:5   | 13530 ||| UPGRADING to +2 chain mail of fire resistance.
 13540 | Lair:5   | 13540 ||| DROPPING +0 plate armour.
 13541 | Lair:5   | 13541 ||| READING 3 scrolls of identify.
 13541 | Lair:5   | 13541 ||| IDENTIFYING golden potion
 13542 | Lair:5   | 13542 ||| Stepping randomly (stuck).
 13543 | Lair:5   | 13543 ||| Stepping randomly (stuck).
 13544 | Lair:5   | 13544 ||| Stepping randomly (stuck).
 13545 | Lair:5   | 13545 ||| Stepping randomly (stuck).
 13546 | Lair:5   | 13546 ||| Stepping randomly (stuck).
 13547 | Lair:5   | 13547 ||| Stepping randomly (stuck).
 13548 | Lair:5   | 13548 ||| Stepping randomly (stuck).
 13549 | Lair:5   | 13549 ||| Stepping randomly (stuck).
 13550 | Lair:5   | 13550 ||| Stepping randomly (stuck).
 13551 | Lair:5   | 13551 ||| Stepping randomly (stuck).
 13552 | Lair:5   | 13552 ||| Stepping randomly (stuck).
 13553 | Lair:5   | 13553 ||| Stepping randomly (stuck).
 13554 | Lair:5   | 13554 ||| Stepping randomly (stuck).
 13555 | Lair:5   | 13555 ||| Stepping randomly (stuck).
 13556 | Lair:5   | 13556 ||| Stepping randomly (stuck).
 13557 | Lair:5   | 13557 ||| Stepping randomly (stuck).
 13558 | Lair:5   | 13558 ||| Stepping randomly (stuck).
 13559 | Lair:5   | 13559 ||| Stepping randomly (stuck).
 13560 | Lair:5   | 13560 ||| Stepping randomly (stuck).
 13561 | Lair:5   | 13561 ||| Stepping randomly (stuck).
 13562 | Lair:5   | 13562 ||| Stepping randomly (stuck).
 13563 | Lair:5   | 13563 ||| Stepping randomly (stuck).
 13564 | Lair:5   | 13564 ||| Stepping randomly (stuck).
 13565 | Lair:5   | 13565 ||| Stepping randomly (stuck).
 13566 | Lair:5   | 13566 ||| Stepping randomly (stuck).
 13567 | Lair:5   | 13567 ||| Stepping randomly (stuck).
 13568 | Lair:5   | 13568 ||| Stepping randomly (stuck).
 13569 | Lair:5   | 13569 ||| Stepping randomly (stuck).
 13570 | Lair:5   | 13570 ||| Stepping randomly (stuck).
 13571 | Lair:5   | 13571 ||| Stepping randomly (stuck).
 13572 | Lair:5   | 13572 ||| Stepping randomly (stuck).
 13573 | Lair:5   | 13573 ||| Stepping randomly (stuck).
 13574 | Lair:5   | 13574 ||| Stepping randomly (stuck).
 13575 | Lair:5   | 13575 ||| Stepping randomly (stuck).
 13576 | Lair:5   | 13576 ||| Stepping randomly (stuck).
 13577 | Lair:5   | 13577 ||| Stepping randomly (stuck).
 13578 | Lair:5   | 13578 ||| Stepping randomly (stuck).
 13579 | Lair:5   | 13579 ||| Stepping randomly (stuck).
 13580 | Lair:5   | 13580 ||| Stepping randomly (stuck).
 13581 | Lair:5   | 13581 ||| Stepping randomly (stuck).
 13582 | Lair:5   | 13582 ||| Stepping randomly (stuck).
 13583 | Lair:5   | 13583 ||| Stepping randomly (stuck).
 13584 | Lair:5   | 13584 ||| Stepping randomly (stuck).
 13585 | Lair:5   | 13585 ||| Stepping randomly (stuck).
 13586 | Lair:5   | 13586 ||| Stepping randomly (stuck).
 13587 | Lair:5   | 13587 ||| Stepping randomly (stuck).
 13588 | Lair:5   | 13588 ||| Stepping randomly (stuck).
 13589 | Lair:5   | 13589 ||| Stepping randomly (stuck).
 13590 | Lair:5   | 13590 ||| Stepping randomly (stuck).
 13591 | Lair:5   | 13591 ||| Stepping randomly (stuck).
 13592 | Lair:5   | 13592 ||| Stepping randomly (stuck).
 13593 | Lair:5   | 13593 ||| READING 2 scrolls of teleportation.
 13605 | Lair:5   | 13605 ||| READING scroll of teleportation.
 13612 | Lair:5   | 13612 ||| Stepping ~*~*~tactically~*~*~ (stealth).
 13650 | Lair:5   | 13650 ||| Stepping ~*~*~tactically~*~*~ (stealth).
 13651 | Lair:5   | 13651 ||| Stepping ~*~*~tactically~*~*~ (stealth).
 13652 | Lair:5   | 13652 ||| Stepping ~*~*~tactically~*~*~ (stealth).
 13653 | Lair:5   | 13653 ||| FLEEEEING.
 13655 | Lair:5   | 13655 ||| STAIRDANCE
 14123 | Lair:5   | 14123 ||| Stepping ~*~*~tactically~*~*~ (stealth).
 14125 | Lair:5   | 14125 ||| Stepping ~*~*~tactically~*~*~ (stealth).
 14126 | Lair:5   | 14126 ||| Stepping ~*~*~tactically~*~*~ (stealth).
 14127 | Lair:5   | 14127 ||| Stepping ~*~*~tactically~*~*~ (stealth).
 14159 | Lair:5   | 14159 ||| Stepping ~*~*~tactically~*~*~ (stealth).
 14164 | Lair:5   | 14164 ||| INVOKING Heroism.
 14193 | Lair:5   | 14193 ||| Stepping ~*~*~tactically~*~*~ (stealth).
 14218 | Lair:5   | 14218 ||| Stepping ~*~*~tactically~*~*~ (stealth).
 14228 | Lair:5   | 14228 ||| Stepping ~*~*~tactically~*~*~ (stealth).
 14230 | Lair:5   | 14230 ||| Stepping ~*~*~tactically~*~*~ (hiding).
 14239 | Lair:5   | Received a gift from Okawaru
 14284 | Lair:5   | 14284 ||| Stepping ~*~*~tactically~*~*~ (stealth).
 14315 | Lair:5   | 14315 ||| Stepping ~*~*~tactically~*~*~ (hiding).
 14316 | Lair:5   | 14316 ||| Stepping ~*~*~tactically~*~*~ (hiding).
 14317 | Lair:5   | 14317 ||| Stepping ~*~*~tactically~*~*~ (hiding).
 14319 | Lair:5   | 14319 ||| Stepping ~*~*~tactically~*~*~ (hiding).
 14345 | Lair:5   | 14345 ||| Stepping ~*~*~tactically~*~*~ (stealth).
 14373 | Lair:5   | 14373 ||| INVOKING Heroism.
 14378 | Lair:5   | Reached skill level 12 in Shields
 14382 | Lair:5   | Identified the +1 hat of the Golden God {Will+ Str+4}
                  | (Okawaru gifted it to you on level 5 of the Lair of Beasts)
 14382 | Lair:5   | Received a gift from Okawaru
 14492 | Lair:5   | 14492 ||| FLEEEEING.
 14493 | Lair:5   | 14493 ||| FLEEEEING.
 14494 | Lair:5   | 14494 ||| FLEEEEING.
 14495 | Lair:5   | 14495 ||| FLEEEEING.
 14496 | Lair:5   | 14496 ||| FLEEEEING.
 14497 | Lair:5   | 14497 ||| FLEEEEING.
 14498 | Lair:5   | 14498 ||| FLEEEEING.
 14575 | Lair:5   | Found a burning altar of Makhleb.
 14581 | Lair:5   | Found a gateway to Hell.
 14744 | Lair:5   | 14744 ||| Stepping ~*~*~tactically~*~*~ (stealth).
 14747 | Lair:5   | 14747 ||| INVOKING Heroism.
 14748 | Lair:5   | 14748 ||| INVOKING Finesse.
 14756 | Lair:5   | 14756 ||| SWAPPING to +0 morningstar.
 14758 | Lair:5   | 14758 ||| UPGRADING to +0 war axe.
 14759 | Lair:5   | 14759 ||| UPGRADING to +2 broad axe of chaos.
 14822 | Lair:5   | Killed Josephine
 14844 | Lair:5   | 14844 ||| INVOKING Heroism.
 14845 | Lair:5   | 14845 ||| INVOKING Finesse.
 14846 | Lair:5   | 14846 ||| Stepping ~*~*~tactically~*~*~ (stealth).
 14847 | Lair:5   | 14847 ||| Stepping ~*~*~tactically~*~*~ (stealth).
 15110 | Lair:5   | 15110 ||| Stepping ~*~*~tactically~*~*~ (stealth).
 15111 | Lair:5   | 15111 ||| Stepping ~*~*~tactically~*~*~ (stealth).
 15116 | Lair:5   | 15116 ||| Stepping ~*~*~tactically~*~*~ (stealth).
 15134 | Lair:5   | Reached skill level 15 in Axes
 15205 | Lair:5   | Found a staircase to the Slime Pits.
 15462 | Lair:5   | 15462 ||| PLANNING D:1-11
 15462 | Lair:5   | 15462 ||| UPGRADING to +1 hat of the Golden God {Will+
                  | Str+4}.
 15472 | Lair:5   | 15472 ||| READING scroll labelled ULUSEFF NUXT.
 15658 | D:11     | 15658 ||| Stepping ~*~*~tactically~*~*~ (stealth).
 15660 | D:11     | 15660 ||| Stepping ~*~*~tactically~*~*~ (hiding).
 15770 | D:11     | 15770 ||| DROPPING +0 morningstar.
 16359 | D:11     | Found Mejofe's Magic Scroll Shoppe.
 16364 | D:11     | 16364 ||| BUYING scroll of identify (30 gold).
 16364 | D:11     | Bought a scroll of identify for 30 gold pieces
 16364 | D:11     | 16364 ||| BUYING scroll of identify (30 gold).
 16364 | D:11     | Bought a scroll of identify for 30 gold pieces
 16364 | D:11     | 16364 ||| BUYING scroll of identify (30 gold).
 16364 | D:11     | Bought a scroll of identify for 30 gold pieces
 16364 | D:11     | 16364 ||| BUYING scroll of teleportation (45 gold).
 16364 | D:11     | Bought a scroll of teleportation for 45 gold pieces
 16516 | D:11     | 16516 ||| PLANNING D
 16516 | D:11     | 16516 ||| UPGRADING to amulet of reflection.
 16526 | D:11     | 16526 ||| DROPPING amulet of the acrobat.
 16527 | D:11     | 16527 ||| DROPPING ring of wizardry.
 16528 | D:11     | 16528 ||| UPGRADING to +6 ring of strength.
 16530 | D:11     | 16530 ||| DROPPING +4 ring of slaying {mikee}.
 16719 | D:12     | Found a staircase to the Orcish Mines.
 16805 | D:12     | Reached skill level 12 in Fighting
 16857 | D:12     | 16857 ||| Stepping ~*~*~tactically~*~*~ (stealth).
 16878 | D:12     | 16878 ||| Stepping ~*~*~tactically~*~*~ (stealth).
 16890 | D:12     | 16890 ||| Stepping ~*~*~tactically~*~*~ (stealth).
 16937 | D:12     | 16937 ||| Stepping ~*~*~tactically~*~*~ (hiding).
 16938 | D:12     | 16938 ||| Stepping ~*~*~tactically~*~*~ (hiding).
 16939 | D:12     | 16939 ||| Stepping ~*~*~tactically~*~*~ (hiding).
 16940 | D:12     | 16940 ||| Stepping ~*~*~tactically~*~*~ (hiding).
 16946 | D:12     | 16946 ||| Stepping ~*~*~tactically~*~*~ (hiding).
 16947 | D:12     | 16947 ||| Stepping ~*~*~tactically~*~*~ (hiding).
 17052 | D:12     | 17052 ||| INVOKING Heroism.
 17238 | D:12     | 17238 ||| Stepping ~*~*~tactically~*~*~ (stealth).
 17239 | D:12     | 17239 ||| Stepping ~*~*~tactically~*~*~ (stealth).
 17244 | D:12     | Reached XP level 15. HP: 96/96 MP: 22/22
 17247 | D:12     | 17247 ||| DROPPING +0 war axe.
 17259 | D:12     | 17259 ||| INVOKING Heroism.
 17260 | D:12     | 17260 ||| SWAPPING to +0 morningstar of protection.
 17368 | D:12     | 17368 ||| UPGRADING to +1 broad axe.
 17369 | D:12     | 17369 ||| UPGRADING to +3 broad axe of chaos.
 17467 | D:12     | 17467 ||| READING scroll of enchant weapon.
 17467 | D:12     | 17467 ||| ENCHANTING +3 broad axe of chaos.
 17481 | D:12     | 17481 ||| Stepping ~*~*~tactically~*~*~ (stealth).
 17484 | D:12     | 17484 ||| INVOKING Heroism.
 17485 | D:12     | 17485 ||| Stepping ~*~*~tactically~*~*~ (stealth).
 17486 | D:12     | 17486 ||| READING 5 scrolls of teleportation.
 17511 | D:12     | 17511 ||| Stepping ~*~*~tactically~*~*~ (stealth).
 17527 | D:12     | 17527 ||| Stepping ~*~*~tactically~*~*~ (stealth).
 17600 | D:12     | 17600 ||| Stepping ~*~*~tactically~*~*~ (hiding).
 17647 | D:12     | 17647 ||| Stepping ~*~*~tactically~*~*~ (stealth).
 17864 | D:12     | Found a runed translucent door.
 17972 | D:12     | 17972 ||| Stepping ~*~*~tactically~*~*~ (stealth).
 17976 | D:12     | 17976 ||| Stepping ~*~*~tactically~*~*~ (stealth).
 17979 | D:12     | 17979 ||| Stepping ~*~*~tactically~*~*~ (stealth).
 17998 | D:12     | Received a gift from Okawaru
 18361 | D:12     | 18361 ||| UPGRADING to +2 plate armour of poison
                  | resistance.
 18371 | D:12     | 18371 ||| UPGRADING to +1 cloak of stealth.
 18381 | D:12     | 18381 ||| DROPPING +0 cloak.
 18413 | D:13     | 18413 ||| STAIRDANCE
 18522 | D:13     | Found Ydoimum's Antique Armour Boutique.
 18526 | D:13     | 18526 ||| BUYING distressingly furry chain mail (323 gold).
 18526 | D:13     | Bought a distressingly furry chain mail for 323 gold pieces
 18526 | D:13     | Identified the +1 chain mail "Laxkaud" {rElec rPois Will+}
                  | (You bought it in a shop on level 13 of the Dungeon)
 18526 | D:13     | 18526 ||| BUYING embroidered scarf (272 gold).
 18526 | D:13     | Bought an embroidered scarf for 272 gold pieces
 18526 | D:13     | 18526 ||| BUYING runed cloak (255 gold).
 18526 | D:13     | Bought a runed cloak for 255 gold pieces
 18526 | D:13     | 18526 ||| BUYING smoking chain mail (323 gold).
 18526 | D:13     | Bought a smoking chain mail for 323 gold pieces
 18526 | D:13     | Identified the +0 chain mail of Generosity {rElec rC-
                  | Regen+} (You bought it in a shop on level 13 of the
                  | Dungeon)
 18589 | D:13     | 18589 ||| Stepping ~*~*~tactically~*~*~ (hiding).
 18630 | D:13     | 18630 ||| Stepping ~*~*~tactically~*~*~ (stealth).
 18631 | D:13     | 18631 ||| Stepping ~*~*~tactically~*~*~ (stealth).
 18639 | D:13     | 18639 ||| INVOKING Heroism.
 18640 | D:13     | 18640 ||| READING 6 scrolls of teleportation.
 18780 | D:13     | 18780 ||| INVOKING Heroism.
 18782 | D:13     | 18782 ||| READING 5 scrolls of teleportation.
 18788 | D:13     | Found a broken altar of Ashenzari.
 18889 | D:13     | 18889 ||| INVOKING Heroism.
 18890 | D:13     | 18890 ||| READING 4 scrolls of teleportation.
 18936 | D:13     | 18936 ||| INVOKING Heroism.
 18937 | D:13     | 18937 ||| READING 3 scrolls of teleportation.
 19018 | D:13     | 19018 ||| Stepping ~*~*~tactically~*~*~ (stealth).
 19088 | D:13     | 19088 ||| Stepping ~*~*~tactically~*~*~ (stealth).
 19094 | D:13     | 19094 ||| Stepping ~*~*~tactically~*~*~ (stealth).
 19097 | D:13     | 19097 ||| Stepping ~*~*~tactically~*~*~ (hiding).
 19141 | D:13     | 19141 ||| INVOKING Heroism.
 19393 | D:13     | 19393 ||| Stepping ~*~*~tactically~*~*~ (stealth).
 19407 | D:13     | 19407 ||| INVOKING Heroism.
 19524 | D:13     | 19524 ||| DROPPING +1 chain mail "Laxkaud" {rElec rPois
                  | Will+}.
 19525 | D:13     | 19525 ||| UPGRADING to scarf of resistance.
 19535 | D:13     | 19535 ||| DROPPING +1 cloak of stealth.
 19536 | D:13     | 19536 ||| DROPPING +0 chain mail of Generosity {rElec rC-
                  | Regen+}.
 19537 | D:13     | 19537 ||| READING 7 scrolls of identify.
 19537 | D:13     | 19537 ||| IDENTIFYING fuming dark potion
 19538 | D:13     | 19538 ||| DROPPING potion of degeneration.
 19581 | D:14     | Noticed Urug
 19581 | D:14     | Noticed Lodul
 19581 | D:14     | Noticed Nessos
 19581 | D:14     | Found a gate to the Vaults.
 19582 | D:14     | 19582 ||| INVOKING Heroism.
 19591 | D:14     | Reached skill level 16 in Axes
 19591 | D:14     | Received a gift from Okawaru
 19595 | D:14     | Killed Lodul
 19596 | D:14     | Killed Urug
 19600 | D:14     | Killed Nessos
 19698 | D:14     | 19698 ||| DROPPING +0 morningstar of protection.
 19736 | D:14     | Found a transporter.
 19738 | D:14     | Found a transporter.
 19761 | D:14     | Found a transporter.
 19806 | D:14     | 19806 ||| INVOKING Heroism.
 19885 | D:14     | 19885 ||| FLEEEEING.
 19886 | D:14     | 19886 ||| FLEEEEING.
 19891 | D:14     | Found a transporter.
 19956 | D:14     | 19956 ||| INVOKING Heroism.
 19972 | D:14     | Received a gift from Okawaru
 19979 | D:14     | 19979 ||| INVOKING Heroism.
 20258 | D:14     | Found a transporter.
 20347 | D:14     | 20347 ||| DROPPING +2 helmet.
 20364 | D:15     | Entered Level 15 of the Dungeon
 20395 | D:15     | Noticed Kirke
 20396 | D:15     | 20396 ||| INVOKING Heroism.
 20397 | D:15     | Noticed a sphinx
 20416 | D:15     | Noticed Jorgrun
 20416 | D:15     | Killed Kirke
 20424 | D:15     | 20424 ||| INVOKING Finesse.
 20429 | D:15     | Killed Jorgrun
 20511 | D:15     | 20511 ||| FLEEEEING.
 20591 | D:15     | Found a radiant altar of Vehumet.
 20616 | D:15     | 20616 ||| INVOKING Heroism.
 20630 | D:15     | Received a gift from Okawaru
 20692 | D:15     | 20692 ||| Stepping ~*~*~tactically~*~*~ (hiding).
 20693 | D:15     | 20693 ||| Stepping ~*~*~tactically~*~*~ (hiding).
 20726 | D:15     | 20726 ||| Stepping ~*~*~tactically~*~*~ (stealth).
 20727 | D:15     | 20727 ||| INVOKING Heroism.
 20740 | D:15     | HP: 22/96 [meliai/divine providence (9)]
 20741 | D:15     | 20741 ||| READING 2 scrolls of teleportation.
 20741 | D:15     | Killed from afar by a meliai

Levels and vault maps discovered:
D:1:      erik_arrival_cave_to_civilisation [erik_arrival_cave_to_hall],
          layout_basic, serial_shops, nicolae_shop_hallway_plus,
          ebering_ecumenical_altar_ruins
D:2:      layout_basic
D:3:      layout_loops_ring, fountainhead, uniq_natasha, uniq_robin,
          uniq_sigmund
D:4:      layout_loops_ring, overflow_temple_1_default, serial_aquarium,
          aquarium_bridge_square [aquarium_subvault_bridge,
          aquarium_subvault_wall, aquarium_subvault_balcony,
          aquarium_subvault_wall], aquarium_window_fake, aquarium_window_2,
          aquarium_view_2d, aquarium_view_2c, cheibrodos_gnoll_hut,
          uniq_blork_the_orc, uniq_crazy_yiuf_cottage, uniq_menkaure,
          uniq_pikel, uniq_ijyb
D:5:      layout_cave_pools, mainiacjoe_overflow_catwalk,
          mainiacjoe_overflow_small_starburst, general_overflow_altar,
          lemuel_doored_altar, serial_bayou, serial_bayou_pond_e,
          serial_bayou_lagoon_a, serial_bayou_crossing, serial_bayou_pond_b,
          uniq_grinder
D:6:      layout_rooms, minmay_temple_entry_purple_smoke
D:7:      layout_basic, lemuel_round_altar, gammafunk_temple_overflow_claw,
          minmay_misc_feat_plants
D:8:      layout_basic, serial_shops, shop
D:9:      lemuel_insect_pit, layout_basic, serial_undead, serial_undead_a,
          serial_undead_d, serial_undead_a, serial_undead_a, uniq_maurice
D:10:     lemuel_slime, layout_loops_ring, dpeg_lair_monsters, serial_demonic,
          serial_demonic_d, serial_demonic_g, serial_demonic_g, serial_demonic_e
D:11:     layout_basic, serial_shops, shop
D:12:     nicolae_aperiodic_l_corner, layout_irregular_city, zombieorc1_lemuel,
          kennysheep_cross_bottleneck, minivault_13
D:13:     layout_roguey, serial_shops, shop, nicolae_ashenzari_panopticon
D:14:     gammafunk_the_bubble [the_bubble_gammafunk_roulette],
          layout_cave_pools, david_vaults_3
D:15:     grunt_enter_depths_giant_problem, layout_small_grid, vehumet_crystals,
          uniq_kirke, uniq_nessos, uniq_jorgrun
Temple:   nicolae_temple_ecumenical_triangle
Lair:1:   layout_regular_city, hangedman_lair_unloving_vines
Lair:2:   layout_chaotic_city, spider_nest_entry_web_field, serial_bayou_shore_a
Lair:3:   layout_small_grid, swamp_mist, kilobyte_rumbling_trees,
          grunt_megastairs_2, serial_bayou_shore_b, infiniplex_staircase_pool
Lair:4:   layout_cave_pods
Lair:5:   evil_forest, layout_misc_corridors, dpeg_slime_entry_corner,
          chequers_serial_rivers_large_b, grunt_megastairs_4, lemuel_fruit_tree,
          uniq_josephine

Skill      XL: |  1  2  3  4  5  6  7  8  9 10 11 12 13 14 15 |
---------------+----------------------------------------------+-----
Axes           | 2 3 5 7 8 9 10 11 13 15 16 | 16.8
Dodging        | 3 |  3.3
Fighting       | 4 6 7 8 9 10 12 | 12.0
Throwing       | 3 4 5 |  5.4
Armour         | 5 7 9 10 11 | 11.0
Shields        | 4 5 9 10 11 12 13 | 13.0
Invocations    | 4 7 10 | 10.0

Action                     |  1- 3 |  4- 6 |  7- 9 | 10-12 | 13-15 || total
---------------------------+-------+-------+-------+-------+-------++-------
  Melee: War axe           |   143 |   115 |   224 |   269 |       ||   751
         Unarmed           |       |     5 |       |       |       ||     5
         Broad axe         |       |       |       |   158 |   829 ||   987
         Morningstar       |       |       |       |       |    71 ||    71
  Throw: Javelin           |       |       |    21 |    71 |    81 ||   173
         Boomerang         |       |       |     1 |    36 |   166 ||   203
 Invoke: Heroism           |       |       |       |    18 |    30 ||    48
         Finesse           |       |       |       |     1 |     6 ||     7
    Use: Scroll            |    10 |     1 |     7 |     6 |    14 ||    38
         Potion            |     1 |     1 |     3 |     3 |     2 ||    10
   Stab: Distracted        |       |       |     1 |     1 |       ||     2
         Confused          |       |       |       |     2 |     3 ||     5
         Paralysed         |       |       |       |     1 |     1 ||     2
         Petrifying        |       |       |       |       |     2 ||     2
 Armour: Scale mail        |    72 |    45 |    56 |       |       ||   173
         Chain mail        |       |       |    24 |     6 |   181 ||   211
         Plate armour      |       |       |       |   242 |   324 ||   566
  Dodge: Dodged            |    67 |    67 |    90 |   102 |   226 ||   552
  Block: Buckler           |    23 |    24 |    50 |    31 |       ||   128
         Kite shield       |       |       |       |   140 |   493 ||   633
         Reflection        |       |       |       |       |    17 ||    17

Table legend:
 A = Non-vault XP
 B = Vault XP
 C = Vault XP percentage of total XP
 D = Non-vault monster count
 E = Vault monster count
 F = Vault count percentage of total count
                 A         B        C        D         E       F
            +---------+---------+-------+---------+---------+-------
      Total |   83602 |   44216 |  34.6 |     417 |     187 |  31.0
            +---------+---------+-------+---------+---------+-------
        D:1 |      46 |       4 |   8.0 |      26 |       2 |   7.1
        D:2 |      25 |       0 |   0.0 |      11 |       0 |   0.0
        D:3 |     126 |     289 |  69.6 |      28 |      10 |  26.3
        D:4 |     102 |    1050 |  91.1 |      15 |       7 |  31.8
        D:5 |     648 |     414 |  39.0 |      18 |       5 |  21.7
        D:6 |     652 |       0 |   0.0 |      15 |       0 |   0.0
        D:7 |     841 |       0 |   0.0 |      20 |       0 |   0.0
        D:8 |     942 |       0 |   0.0 |      13 |       0 |   0.0
        D:9 |    1943 |    3110 |  61.5 |      21 |      19 |  47.5
       D:10 |    2893 |    8059 |  73.6 |      26 |      34 |  56.7
       D:11 |    3946 |       0 |   0.0 |      11 |       0 |   0.0
       D:12 |    6940 |    7087 |  50.5 |      23 |      43 |  65.2
       D:13 |    5320 |       0 |   0.0 |      17 |       0 |   0.0
       D:14 |   10818 |    6534 |  37.7 |      23 |      20 |  46.5
       D:15 |    5021 |    3919 |  43.8 |      14 |       5 |  26.3
     Lair:1 |    6673 |       0 |   0.0 |      40 |       0 |   0.0
     Lair:2 |    2972 |       0 |   0.0 |      14 |       0 |   0.0
     Lair:3 |    4031 |    1438 |  26.3 |       8 |       9 |  52.9
     Lair:4 |    5258 |       0 |   0.0 |      19 |       0 |   0.0
     Lair:5 |   24405 |   12312 |  33.5 |      55 |      33 |  37.5
            +---------+---------+-------+---------+---------+-------
